General information
- name: BNet
- type: Ladder team game (AT/RT)
- host: Battle.net
- saver: dogsandhorse.ru
map: RiverOfSouls
- players: 6
- length: 39:40
- speed: Fast
- version: 1.26 W3XP
- replay type:

» download(384 KB)
Players
team 1 (loser)
alliesalwaysnap (
orange | 212 APM | 8414 actions | 39:37)
6 Death Knight
3 Death Coil
2 Unholy Aura
1 Death Pact
5 Lich
3 Frost Nova
2 Frost Armor
1 Dark Ranger
1 Silence
» actions
| Assign group hotkey | 50 | |
| Basic commands | 464 | |
| Build / train | 83 | |
| ESC pressed | 1 | |
| Enter build submenu | 20 | |
| Enter hero's abilities submenu | 14 | |
| Give item / drop item | 4 | |
| Right click | 3719 | |
| Select / deselect | 965 | |
| Select group hotkey | 2954 | |
| Use ability | 140 | |
8414 total
» units
| Acolyte | 10 | |
| Ghoul | 5 | |
| Crypt Fiend | 6 | |
| Obsidian Statue | 7 | |
| Meatwagon | 1 | |
29 total
» upgrades
| Creature Attack | 3 | |
| Destroyer Form | 1 | |
| Web | 1 | |
| Creature Carapace | 3 | |
8 total
» buildings
| Graveyard | 1 | |
| Crypt | 1 | |
| Altar of Darkness | 1 | |
| Ziggurat | 10 | |
| Tomb of Relics | 1 | |
| Halls of the Dead | 2 | |
| Nerubian Tower | 1 | |
| Spirit Tower | 7 | |
| Black Citadel | 1 | |
| Slaughterhouse | 2 | |
| Necropolis | 1 | |
28 total
» build order
00:08 Graveyard
00:11 Crypt
00:41 Altar of Darkness
00:57 Ziggurat
01:29 Tomb of Relics
02:01 Ziggurat
03:43 Halls of the Dead
03:43 Halls of the Dead
05:04 Ziggurat
05:39 Nerubian Tower
05:40 Spirit Tower
06:38 Black Citadel
07:14 Slaughterhouse
07:37 Slaughterhouse
09:23 Ziggurat
09:24 Ziggurat
13:42 Spirit Tower
14:28 Ziggurat
15:48 Ziggurat
34:33 Necropolis
36:25 Ziggurat
36:53 Ziggurat
36:53 Ziggurat
37:18 Spirit Tower
37:18 Spirit Tower
37:44 Spirit Tower
37:46 Spirit Tower
» items
| Rod of Necromancy | 2 | |
| Dust of Appearance | 1 | |
| Potion of Healing | 1 | |
| Potion of Mana | 1 | |
| Orb of Corruption | 1 | |
| Scroll of Healing | 3 | |
| Scroll of Protection | 2 | |
11 total
ep0s (
pink | 86 APM | 3415 actions | 39:35)
4 Demon Hunter
2 Mana Burn
2 Evasion
» actions
| Assign group hotkey | 32 | |
| Basic commands | 4 | |
| Build / train | 68 | |
| ESC pressed | 1 | |
| Enter build submenu | 19 | |
| Enter hero's abilities submenu | 4 | |
| Give item / drop item | 2 | |
| Right click | 1869 | |
| Select / deselect | 381 | |
| Select group hotkey | 978 | |
| Use ability | 57 | |
3415 total
» units
| Wisp | 19 | |
| Archer | 7 | |
| Chimaera | 6 | |
| Hippogryph | 17 | |
49 total
» upgrades
| Ultravision | 1 | |
| Nature's Blessing | 1 | |
| Reinforced Hides | 2 | |
| Strength of the Wild | 2 | |
| Well Spring | 1 | |
| Corrosive Breath | 1 | |
8 total
» buildings
| Altar of Elders | 1 | |
| Moon Well | 9 | |
| Ancient of War | 3 | |
| Tree of Ages | 1 | |
| Hunter's Hall | 1 | |
| Ancient of Wind | 1 | |
| Ancient of Wonders | 1 | |
| Tree of Eternity | 1 | |
| Chimaera Roost | 3 | |
21 total
» build order
00:23 Altar of Elders
00:32 Moon Well
01:33 Ancient of War
02:02 Moon Well
02:11 Ancient of War
02:44 Moon Well
03:04 Ancient of War
04:57 Tree of Ages
05:31 Hunter's Hall
05:35 Moon Well
07:59 Ancient of Wind
08:02 Ancient of Wonders
08:43 Moon Well
08:45 Moon Well
09:36 Tree of Eternity
09:53 Moon Well
09:54 Moon Well
09:56 Moon Well
12:00 Chimaera Roost
12:02 Chimaera Roost
12:04 Chimaera Roost
» items
| Potion of Healing | 2 | |
| Orb of Venom | 1 | |
| Scroll of Town Portal | 1 | |
4 total
Perpent (
blue | 108 APM | 4280 actions | 39:39)
6 Demon Hunter
3 Mana Burn
2 Evasion
1 Metamorphosis
» actions
| Assign group hotkey | 25 | |
| Basic commands | 366 | |
| Build / train | 57 | |
| Enter build submenu | 23 | |
| Enter hero's abilities submenu | 6 | |
| Remove unit from queue | 2 | |
| Right click | 2393 | |
| Select / deselect | 535 | |
| Select group hotkey | 673 | |
| Use ability | 200 | |
4280 total
» units
| Wisp | 17 | |
| Archer | 3 | |
| Druid of the Claw | 8 | |
| Hippogryph | 8 | |
36 total
» upgrades
| Druid of the Claw Training | 2 | |
| Mark of the Claw | 1 | |
3 total
» buildings
| Altar of Elders | 1 | |
| Moon Well | 7 | |
| Ancient of War | 2 | |
| Tree of Ages | 1 | |
| Hunter's Hall | 1 | |
| Ancient of Lore | 2 | |
| Tree of Eternity | 1 | |
| Ancient of Wonders | 1 | |
| Ancient of Wind | 2 | |
| Ancient Protector | 4 | |
22 total
» build order
00:09 Altar of Elders
00:18 Moon Well
01:09 Ancient of War
01:25 Moon Well
02:18 Ancient of War
03:49 Tree of Ages
03:57 Hunter's Hall
04:30 Moon Well
04:32 Moon Well
06:16 Ancient of Lore
06:18 Ancient of Lore
09:04 Tree of Eternity
11:29 Moon Well
11:35 Ancient of Wonders
13:05 Moon Well
15:13 Ancient of Wind
15:15 Ancient of Wind
25:24 Ancient Protector
25:25 Ancient Protector
25:25 Ancient Protector
25:27 Ancient Protector
26:39 Moon Well
» items
| Staff of Teleportation | 1 | |
| Boots of Speed | 1 | |
| Orb of Venom | 1 | |
3 total
team 2 (winner)
Birdeneering (
purple | 137 APM | 5418 actions | 39:40)
5 Archmage
3 Blizzard
2 Brilliance Aura
5 Blood Mage
3 Flame Strike
2 Siphon Mana
» actions
| Assign group hotkey | 926 | |
| Basic commands | 26 | |
| Build / train | 148 | |
| Enter build submenu | 117 | |
| Enter hero's abilities submenu | 10 | |
| Give item / drop item | 6 | |
| Remove unit from queue | 4 | |
| Right click | 2476 | |
| Select / deselect | 512 | |
| Select group hotkey | 980 | |
| Use ability | 213 | |
5418 total
» units
| Peasant | 28 | |
| Dragonhawk Rider | 13 | |
41 total
» upgrades
| Masonry | 3 | |
| Lumber Harvesting | 2 | |
| Magic Sentry | 1 | |
| Animal War Training | 1 | |
| Swords | 2 | |
| Armor | 1 | |
10 total
» buildings
| Altar of Kings | 2 | |
| Farm | 11 | |
| Lumber Mill | 1 | |
| Scout Tower | 88 | |
| Arcane Tower | 6 | |
| Guard Tower | 63 | |
| Keep | 1 | |
| Arcane Vault | 1 | |
| Arcane Sanctum | 1 | |
| Gryphon Aviary | 2 | |
| Barracks | 1 | |
| Blacksmith | 2 | |
| Castle | 2 | |
| Town Hall | 2 | |
183 total
» build order
00:04 Altar of Kings
00:18 Farm
00:34 Lumber Mill
00:51 Farm
01:09 Scout Tower
01:25 Scout Tower
01:36 Arcane Tower
01:36 Arcane Tower
01:38 Scout Tower
01:57 Scout Tower
02:08 Guard Tower
02:10 Scout Tower
02:25 Guard Tower
02:26 Guard Tower
02:36 Guard Tower
02:36 Guard Tower
02:48 Scout Tower
02:59 Scout Tower
03:00 Guard Tower
03:18 Guard Tower
03:20 Scout Tower
03:41 Scout Tower
03:42 Guard Tower
03:48 Guard Tower
03:51 Scout Tower
03:54 Scout Tower
04:11 Guard Tower
04:12 Scout Tower
04:35 Scout Tower
04:35 Guard Tower
04:55 Guard Tower
04:56 Scout Tower
05:03 Guard Tower
05:07 Scout Tower
05:30 Guard Tower
05:32 Scout Tower
05:33 Scout Tower
05:37 Keep
06:11 Scout Tower
06:12 Scout Tower
06:29 Guard Tower
06:31 Scout Tower
06:32 Guard Tower
06:32 Guard Tower
06:37 Scout Tower
06:38 Scout Tower
07:01 Scout Tower
07:04 Guard Tower
07:08 Arcane Vault
07:14 Guard Tower
07:54 Farm
07:55 Farm
07:59 Arcane Sanctum
08:05 Guard Tower
08:08 Scout Tower
08:08 Scout Tower
08:11 Gryphon Aviary
08:23 Scout Tower
08:36 Gryphon Aviary
09:02 Guard Tower
09:05 Scout Tower
09:06 Scout Tower
09:11 Scout Tower
09:12 Guard Tower
09:16 Farm
09:38 Guard Tower
09:48 Guard Tower
10:18 Scout Tower
10:56 Guard Tower
10:58 Scout Tower
10:59 Scout Tower
11:16 Scout Tower
11:24 Farm
11:49 Barracks
11:50 Blacksmith
11:56 Guard Tower
11:59 Scout Tower
12:10 Guard Tower
12:59 Scout Tower
13:01 Guard Tower
13:04 Scout Tower
13:05 Scout Tower
13:06 Scout Tower
13:08 Castle
13:08 Castle
13:14 Scout Tower
13:15 Scout Tower
13:30 Guard Tower
13:35 Scout Tower
13:38 Scout Tower
13:46 Guard Tower
13:50 Scout Tower
13:50 Scout Tower
14:10 Guard Tower
14:17 Guard Tower
14:22 Scout Tower
14:26 Scout Tower
14:38 Guard Tower
14:46 Scout Tower
14:55 Blacksmith
15:19 Guard Tower
15:25 Scout Tower
15:27 Guard Tower
15:29 Guard Tower
15:30 Scout Tower
15:38 Guard Tower
15:42 Scout Tower
15:55 Guard Tower
16:01 Scout Tower
16:07 Scout Tower
16:12 Guard Tower
16:13 Scout Tower
16:14 Scout Tower
16:38 Guard Tower
16:56 Guard Tower
17:26 Scout Tower
17:29 Guard Tower
17:52 Scout Tower
17:59 Guard Tower
18:11 Scout Tower
18:12 Scout Tower
18:15 Scout Tower
18:27 Scout Tower
18:33 Guard Tower
18:39 Scout Tower
18:41 Scout Tower
18:44 Guard Tower
18:45 Scout Tower
18:51 Scout Tower
18:52 Scout Tower
19:03 Guard Tower
19:13 Guard Tower
19:18 Scout Tower
19:24 Scout Tower
19:34 Guard Tower
20:02 Guard Tower
20:52 Altar of Kings
20:59 Guard Tower
21:04 Guard Tower
21:06 Scout Tower
21:13 Scout Tower
21:14 Scout Tower
21:46 Scout Tower
21:47 Scout Tower
21:49 Guard Tower
21:58 Scout Tower
21:59 Scout Tower
22:14 Guard Tower
22:17 Scout Tower
22:22 Scout Tower
22:41 Guard Tower
22:58 Arcane Tower
22:59 Arcane Tower
23:01 Scout Tower
23:29 Guard Tower
23:30 Scout Tower
23:32 Scout Tower
23:59 Guard Tower
24:30 Guard Tower
24:47 Guard Tower
25:03 Guard Tower
25:07 Scout Tower
25:08 Scout Tower
27:04 Town Hall
27:16 Guard Tower
27:19 Scout Tower
28:12 Guard Tower
29:47 Farm
29:48 Farm
31:37 Farm
33:56 Town Hall
34:01 Farm
34:02 Farm
37:31 Scout Tower
37:31 Scout Tower
37:32 Scout Tower
37:33 Scout Tower
37:33 Scout Tower
37:34 Scout Tower
38:15 Guard Tower
» items
| Scroll of Regeneration | 2 | |
| Potion of Healing | 1 | |
| Boots of Speed | 2 | |
| Staff of Teleportation | 2 | |
| Scroll of Town Portal | 1 | |
8 total
dogsandhorse.ru (
red | 107 APM | 4261 actions | 39:40)
4 Pandaren Brewmaster
2 Breath of Fire
2 Drunken Haze
» actions
| Assign group hotkey | 22 | |
| Basic commands | 1 | |
| Build / train | 115 | |
| Enter build submenu | 96 | |
| Enter hero's abilities submenu | 4 | |
| Right click | 2578 | |
| Select / deselect | 537 | |
| Select group hotkey | 665 | |
| Use ability | 243 | |
4261 total
» units
| Peasant | 25 | |
| Dragonhawk Rider | 20 | |
45 total
» upgrades
| Masonry | 2 | |
| Lumber Harvesting | 1 | |
3 total
» buildings
| Altar of Kings | 4 | |
| Farm | 15 | |
| Lumber Mill | 2 | |
| Scout Tower | 78 | |
| Arcane Tower | 5 | |
| Guard Tower | 51 | |
| Keep | 2 | |
| Gryphon Aviary | 4 | |
| Arcane Vault | 1 | |
| Town Hall | 2 | |
164 total
» build order
00:10 Altar of Kings
00:14 Altar of Kings
00:15 Altar of Kings
00:19 Farm
00:53 Lumber Mill
00:58 Farm
01:01 Farm
01:13 Scout Tower
01:42 Scout Tower
01:45 Arcane Tower
01:47 Scout Tower
02:22 Guard Tower
02:24 Guard Tower
02:28 Scout Tower
02:41 Scout Tower
02:59 Scout Tower
03:00 Scout Tower
03:01 Scout Tower
03:03 Guard Tower
03:06 Scout Tower
03:23 Guard Tower
03:42 Scout Tower
03:51 Guard Tower
03:52 Guard Tower
03:58 Guard Tower
03:59 Guard Tower
03:59 Guard Tower
04:10 Guard Tower
04:12 Scout Tower
04:16 Scout Tower
04:24 Scout Tower
04:26 Scout Tower
04:40 Guard Tower
04:51 Guard Tower
04:55 Scout Tower
04:55 Scout Tower
04:56 Scout Tower
04:57 Scout Tower
04:58 Scout Tower
05:33 Scout Tower
05:41 Guard Tower
05:44 Scout Tower
05:46 Scout Tower
05:46 Scout Tower
05:47 Scout Tower
05:47 Scout Tower
06:09 Keep
06:14 Guard Tower
06:14 Guard Tower
06:14 Guard Tower
06:19 Scout Tower
06:20 Scout Tower
06:22 Scout Tower
06:35 Guard Tower
06:38 Scout Tower
06:41 Arcane Tower
06:43 Guard Tower
06:45 Scout Tower
06:46 Guard Tower
06:46 Guard Tower
07:05 Guard Tower
07:14 Scout Tower
07:22 Scout Tower
07:44 Guard Tower
07:47 Scout Tower
08:15 Scout Tower
08:16 Scout Tower
08:17 Scout Tower
08:18 Scout Tower
08:54 Scout Tower
08:58 Guard Tower
09:01 Scout Tower
09:02 Scout Tower
09:02 Scout Tower
09:03 Scout Tower
09:04 Scout Tower
09:04 Scout Tower
09:37 Scout Tower
09:37 Scout Tower
09:38 Scout Tower
09:44 Arcane Tower
09:44 Guard Tower
09:45 Guard Tower
09:48 Scout Tower
09:48 Scout Tower
09:49 Guard Tower
09:49 Guard Tower
10:10 Guard Tower
10:11 Guard Tower
10:24 Guard Tower
10:30 Guard Tower
11:17 Gryphon Aviary
11:17 Gryphon Aviary
11:35 Guard Tower
11:35 Guard Tower
11:53 Scout Tower
11:54 Scout Tower
12:16 Farm
12:17 Farm
12:18 Farm
12:20 Farm
13:07 Guard Tower
13:08 Scout Tower
13:09 Scout Tower
13:28 Scout Tower
13:29 Scout Tower
13:30 Scout Tower
13:31 Scout Tower
13:32 Scout Tower
13:48 Arcane Vault
13:50 Scout Tower
13:53 Scout Tower
13:53 Scout Tower
13:54 Scout Tower
14:41 Gryphon Aviary
14:43 Gryphon Aviary
15:09 Farm
15:11 Farm
15:16 Lumber Mill
15:30 Guard Tower
16:05 Town Hall
16:27 Town Hall
17:40 Scout Tower
17:42 Scout Tower
18:12 Arcane Tower
18:13 Scout Tower
18:14 Guard Tower
18:15 Scout Tower
18:19 Scout Tower
18:46 Scout Tower
18:51 Guard Tower
18:51 Guard Tower
20:48 Arcane Tower
20:50 Scout Tower
20:51 Scout Tower
20:52 Scout Tower
20:53 Scout Tower
22:08 Guard Tower
22:09 Guard Tower
22:11 Guard Tower
23:02 Guard Tower
23:33 Guard Tower
23:56 Scout Tower
23:57 Scout Tower
23:58 Scout Tower
23:59 Scout Tower
25:13 Guard Tower
25:41 Scout Tower
25:42 Scout Tower
26:33 Guard Tower
28:27 Altar of Kings
28:32 Farm
28:36 Farm
29:18 Farm
34:19 Farm
36:42 Farm
37:33 Farm
» items
| Scroll of Town Portal | 1 | |
| Boots of Speed | 1 | |
| Staff of Teleportation | 1 | |
| Orb of Venom | 1 | |
4 total
TIMG4STRok (
yellow | 96 APM | 3806 actions | 39:40)
7 Warden
3 Shadow Strike
3 Blink
1 Spirit of Vengeance
» actions
| Assign group hotkey | 22 | |
| Basic commands | 32 | |
| Build / train | 85 | |
| ESC pressed | 7 | |
| Enter build submenu | 25 | |
| Enter hero's abilities submenu | 7 | |
| Give item / drop item | 2 | |
| Right click | 2392 | |
| Select / deselect | 290 | |
| Select group hotkey | 766 | |
| Use ability | 178 | |
3806 total
» units
» upgrades
| Well Spring | 1 | |
| Strength of the Wild | 3 | |
| Reinforced Hides | 1 | |
| Ultravision | 2 | |
| Nature's Blessing | 1 | |
8 total
» buildings
| Altar of Elders | 1 | |
| Moon Well | 8 | |
| Tree of Life | 5 | |
| Tree of Ages | 3 | |
| Tree of Eternity | 3 | |
| Hunter's Hall | 2 | |
| Ancient of Wind | 3 | |
| Ancient of Wonders | 1 | |
| Chimaera Roost | 2 | |
28 total
» build order
00:30 Altar of Elders
00:33 Moon Well
02:01 Moon Well
06:04 Tree of Life
07:49 Tree of Ages
08:00 Moon Well
08:00 Moon Well
09:29 Tree of Life
10:21 Tree of Eternity
11:17 Hunter's Hall
11:30 Moon Well
11:30 Moon Well
12:14 Ancient of Wind
13:02 Ancient of Wonders
13:51 Tree of Ages
14:38 Tree of Life
16:50 Tree of Eternity
18:47 Ancient of Wind
22:20 Hunter's Hall
23:24 Moon Well
23:25 Moon Well
25:00 Tree of Ages
25:19 Tree of Life
28:37 Ancient of Wind
28:43 Tree of Eternity
34:03 Tree of Life
36:41 Chimaera Roost
36:41 Chimaera Roost
» items
| Boots of Speed | 1 | |
| Staff of Teleportation | 1 | |
| Orb of Venom | 1 | |
| Potion of Healing | 3 | |
| Lesser Clarity Potion | 2 | |
8 total
Chat log
(01:14 / All) ep0s: чувак любишь лошадок и собачек ебать?
(01:19 / All) alliesalwaysnap: gg
(01:20 / All) dogsandhorse.ru: ))
(10:39 / All) dogsandhorse.ru: yum
(32:20 / All) dogsandhorse.ru: lol
(32:22 / All) dogsandhorse.ru: )))))))
(32:26 / All) TIMG4STRok: wat happened
(32:44 / All) Birdeneering: "gg" - you, at the beginning
(35:47 / All) dogsandhorse.ru: lol
(36:55 / All) dogsandhorse.ru: lol
(36:56 / All) dogsandhorse.ru: )))
(39:20 / All) Birdeneering: peace noobs